 Dungeon Crawl Stone Soup version 0.28-a0-724-g66f9036 (webtiles) character file.

Game seed: 914574454851598353

133 NeededCrab the Sneak (level 5, -5/30 HPs)
             Began as a Kobold Brigand on Oct 26, 2021.
             Slain by Grinder (8 damage)
             ... on level 3 of the Dungeon.
             The game lasted 00:10:30 (4728 turns).

NeededCrab the Sneak (Kobold Brigand)               Turns: 4728, Time: 00:10:31

Health: -5/30      AC:  4    Str:  9    XL:     5   Next: 40%
Magic:  5/5        EV: 15    Int: 12    God:
Gold:   58         SH:  0    Dex: 17    Spells: 4/4 levels left

rFire   . . .      SeeInvis .   a - +2 dagger
rCold   . . .      Faith    .   (shield restricted)
rNeg    . . .      Spirit   .   b - +0 robe
rPois   .          Reflect  .   l - +0 helmet
rElec   .          Harm     .   c - +0 cloak
rCorr   .          Rampage  .   (no gloves)
Will    .....                   (no boots)
Stlth   ++++......              n - amulet of the acrobat
HPRegen 0.10/turn               (no ring)
MPRegen 0.09/turn               (no ring)

@: no status effects
A: small, no large weapons, nightstalker 3
a: no special abilities


You were on level 3 of the Dungeon.
You visited 1 branch of the dungeon, and saw 3 of its levels.

You collected 58 gold pieces.

Inventory:

Hand Weapons
 a - a +2 dagger (weapon)
Missiles
 d - 37 poisoned darts (quivered)
Armour
 b - a +0 robe (worn)
 c - a +0 cloak (worn)
 l - a +0 helmet (worn)
Jewellery
 n - an amulet of the acrobat (around neck)
Scrolls
 f - a scroll of identify {unknown}
 i - a scroll of brand weapon {unknown}
 m - a scroll of fear {unknown}
 p - a scroll of teleportation {unknown}
 r - a scroll of enchant weapon {unknown}
 t - a scroll of blinking {unknown}
Potions
 g - 2 potions of flight {unknown}
 h - a potion of brilliance {unknown}
 j - a potion of lignification {unknown}
 k - 2 potions of heal wounds {unknown}
 o - a potion of invisibility {unknown}
 q - a potion of curing {unknown}
 s - a potion of berserk rage {unknown}


   Skills:
 - Level 2.1 Fighting
 * Level 5.2 Short Blades
 - Level 2.1 Throwing
 + Level 2.9 Dodging
 + Level 6.4 Stealth


You had 4 spell levels left.
You didn't know any spells.
Your spell library contained the following spells:

 Spells                   Type           Power      Damage    Failure   Level
 Sandblast                Erth           0%         2d4       32%         1
 Passwall                 Tmut/Erth      0%         N/A       45%         2
 Inner Flame              Hex/Fire       0%         N/A       69%         3
 Stone Arrow              Conj/Erth      0%         3d7       69%         3
 Cause Fear               Hex            0%         N/A       97%         4
 Discord                  Hex            0%         N/A       100%        8


Dungeon Overview and Level Annotations

Branches:
Dungeon (3/15)

Altars:
Makhleb

Shops:
D:3 :

Annotations:
D:3 3 runed translucent doors, Caerwyn's ghost, amateur OpEE; Grinder


Innate Abilities, Weirdness & Mutations

You are small and have problems with some larger weapons.
You are completely attuned to the shadows.


Message History

Grinder is lightly wounded.
You hit Grinder.
Grinder is moderately wounded.
Grinder misses you.
You hit Grinder.
Grinder is moderately wounded.
Grinder barely misses you.
You barely miss Grinder.
Grinder is moderately wounded.
You hit Grinder.
Grinder is moderately wounded.
Grinder blinks!
Throw: 40 darts (poison)
Press: ? - help, Q - select action Shift-Dir - straight line, f/p - Grinder
Aim: Grinder (moderately wounded, poisoned, 58% to hit)
You throw a poisoned dart. The poisoned dart hits Grinder.
Grinder looks even sicker.
Grinder is moderately wounded.
Grinder gestures at you. Pain shoots through your body!
* * * LOW HITPOINT WARNING * * *
Throw: 39 darts (poison)
Press: ? - help, Q - select action Shift-Dir - straight line, f/p - Grinder
Aim: Grinder (moderately wounded, very poisoned, 58% to hit)
You throw a poisoned dart. The poisoned dart hits Grinder.
Grinder is moderately wounded.
Throw: 38 darts (poison)
Press: ? - help, Q - select action Shift-Dir - straight line, f/p - Grinder
Aim: Grinder (heavily wounded, very poisoned, 58% to hit)
You throw a poisoned dart.
The poisoned dart closely misses Grinder.
You hit Grinder but do no damage.
Grinder is heavily wounded.
Grinder gestures at you. Pain shoots through your body!
* * * LOW HITPOINT WARNING * * *
You hit Grinder but do no damage.
Grinder is heavily wounded.
Grinder hits you!
You die...

#..# #.#.# #..# #.###
##.###.#.###..# #.[..
#.....#....(.####.###
#.#########.....###
#.5...#.....###.#
##.###.#.###.###.#
#..# #.# #.....#
#.)###.#(###.#########
#....@5(.(............
#.##..#.#.############
#....##...# ####.# ##.
#.#


You could see Grinder (poisoned).

Vanquished Creatures
  Robin (D:3)
  3 gnolls
  2 adders (D:2)
  2 worms
  3 dart slugs
  An orc (D:3)
  3 ball pythons
  4 endoplasms
  2 giant cockroaches
  9 hobgoblins
  3 jackals
  2 quokkas
  3 bats
  4 frilled lizards
  11 goblins
  3 kobolds
  5 rats
61 creatures vanquished.

Notes
Turn   | Place    | Note
-------+----------+-------------------------------------------
     0 | D:1      | NeededCrab the Kobold Brigand began the quest for the Orb.
     0 | D:1      | Reached XP level 1. HP: 12/12 MP: 1/1
   200 | D:1      | Reached XP level 2. HP: 17/17 MP: 2/2
   543 | D:1      | Found a faded altar of an unknown god.
   936 | D:1      | Reached XP level 3. HP: 11/21 MP: 3/3
  1630 | D:2      | Reached XP level 4. HP: 24/26 MP: 4/4
  2160 | D:1      | Reached skill level 6 in Stealth
  3089 | D:3      | Found Xeag's Book Boutique.
  3170 | D:3      | Found a runed translucent gate.
  3171 | D:3      | Found a runed translucent gate.
  3172 | D:3      | Found a runed translucent gate.
  3172 | D:3      | Noticed Caerwyn's ghost (amateur OpEE)
  3321 | D:3      | Noticed Robin
  3690 | D:2      | Reached XP level 5. HP: 10/30 MP: 5/5
  4008 | D:2      | Reached skill level 5 in Short Blades
  4342 | D:3      | Killed Robin
  4503 | D:3      | Found a burning altar of Makhleb.
  4684 | D:3      | Noticed Grinder
  4728 | D:3      | Slain by Grinder

Illustrated notes

Levels and vault maps discovered:
D:1:      dpeg_arrival_simpleton_a, layout_basic,
          chequers_ecumenical_altar_island
D:2:      layout_rooms, small_statue_intersection, st_stairs_11
D:3:      layout_basic, nicolae_overflow_hidden_temple,
          biasface_ghost_orc_armoury, serial_shops, nicolae_shop_behind_doors,
          grunt_decor_resistance, minmay_misc_feat_cross, uniq_robin,
          uniq_grinder

Skill      XL: |  1  2  3  4  5 |
---------------+----------------+-----
Short Blades   | 3 4 5 |  5.2
Dodging        | 2 |  2.9
Stealth        | 6 |  6.4
Fighting       | |  2.1
Throwing       | |  2.1

Action                   |  1- 3 |  4- 6 || total
-------------------------+-------+-------++-------
Melee: Dagger            |   105 |   143 ||   248
Throw: Dart              |       |     8 ||     8
 Stab: Sleeping          |    15 |    11 ||    26
       Distracted        |       |     1 ||     1
Armor: Robe              |    10 |    14 ||    24
Dodge: Dodged            |    57 |    63 ||   120

Table legend: (Time is in decaauts)
 A = Elapsed time spent in this place.
 B = Non-inter-level travel time spent in this place.
 C = Inter-level travel time spent in this place.
 D = Time resting spent in this place.
 E = Time spent auto-exploring this place.
 F = Levels seen in this place.
 G = Mean time per level.
                   A        B        C        D        E       F      G
               +--------+--------+--------+--------+--------+-----+--------+
         Total |   4684 |   4611 |     73 |   1419 |   2341 |   3 | 1561.3 |
       Dungeon |   4684 |   4611 |     73 |   1419 |   2341 |   3 | 1561.3 |
               +--------+--------+--------+--------+--------+-----+--------+

Top non-repeatable levels by time:
     D:1: 2049 daAuts
     D:2: 1403 daAuts
     D:3: 1231 daAuts
